 Dungeon Crawl Stone Soup version 0.32-a0-791-gfc315c9ecd (webtiles) character file.

Game seed: 5647864345017960094

2 porpoise the Poker (level 1, -5/16 HPs)
             Began as a Demonspawn Gladiator on Mar 21, 2024.
             Slain by a gnoll
             ... wielding a +0 club
              (7 damage)
             ... on level 1 of the Dungeon.
             The game lasted 00:00:21 (82 turns).

porpoise the Poker (Demonspawn Gladiator)             Turns: 82, Time: 00:00:21

Health: -5/16      AC:  4    Str: 14    XL:     1   Next: 33%
Magic:  1/1        EV: 11    Int:  8    God:
Gold:   17         SH:  0    Dex: 14    Spells: 0/0 levels left

rFire   . . .        a - +0 trident
rCold   . . .        (no shield)
rNeg    . . .        b - +0 leather armour
rPois   .            c - +0 helmet
rElec   .            (no cloak)
rCorr   .            (no gloves)
SInv    .            (no boots)
Will    .....        (no amulet)
Stlth   +            (no ring)
HPRegen 0.22/turn    (no ring)
MPRegen 0.07/turn

%: no passive effects
@: no status effects
A: no striking features
a: no special abilities


You were on level 1 of the Dungeon.
You visited 1 branch of the dungeon, and saw 1 of its levels.

You collected 17 gold pieces.

Inventory:

Hand Weapons
 a - a +0 trident (weapon)
Missiles
 d - 3 throwing nets (quivered)
 e - a javelin
Armour
 b - a +0 leather armour (worn)
 c - a +0 helmet (worn)


   Skills:
 + Level 2.0 Fighting
 + Level 2.7 Polearms
 + Level 1.8 Throwing
 + Level 2.7 Dodging


You couldn't memorise any spells.
You didn't know any spells.
Your spell library was empty.

Dungeon Overview and Level Annotations

Branches:
Dungeon (1/15)

Altars:


Message History

A bat comes into view.
You reach to attack!
You puncture the gnoll!
The gnoll is heavily wounded.
The bat closely misses you.
You barely miss the gnoll.
The gnoll is heavily wounded.
The bat closely misses you. The gnoll hits you with a +0 club.
You hit the gnoll.
The gnoll is severely wounded.
The bat barely misses you. The gnoll closely misses you.
The giant cockroach bites you. The gnoll misses you.
You hit the gnoll but do no damage.
The gnoll is severely wounded.
The giant cockroach barely misses you. The bat barely misses you.
The gnoll closely misses you. The bat attacks as it pursues you!
The bat hits you but does no damage. The bat barely misses you.
The giant cockroach attacks as it pursues you!
The giant cockroach bites you but does no damage.
The bat closely misses you. The bat hits you but does no damage.
The bat closely misses you.
You hit the bat.
You kill the bat!
You completely miss the giant cockroach.
The giant cockroach bites you. x2
You hit the gnoll but do no damage.
The gnoll is severely wounded.
The gnoll hits you with a +0 club. The giant cockroach barely misses you.
You are too injured to fight recklessly!
You barely miss the gnoll.
The gnoll is severely wounded.
The giant cockroach closely misses you. The gnoll hits you with a +0 club.
* * * LOW HITPOINT WARNING * * *
The giant cockroach bites you.
* * * LOW HITPOINT WARNING * * *
You closely miss the gnoll.
The gnoll is severely wounded.
The gnoll hits you with a +0 club!
You die...

## ... ...# ##### ....###
#...#### ......####.....##
# .......###.....## .. ##
####............# ...#..
###...##..#.......#
......###B@.#....######.†.#
.........g######## ####..#
........### ###.....#
........# ####.......#
.......## ##.........##
......# ####.(........#
...... ####............##
...... ##...............#
..... ##.........#......#


You could see a gnoll and a giant cockroach.

Vanquished Creatures
  An endoplasm (D:1)
  2 bats (D:1)
3 creatures vanquished.

Notes
Turn   | Place    | Note
-------+----------+-------------------------------------------
     0 | D:1      | porpoise the Demonspawn Gladiator began the quest for the
                  | Orb.
     0 | D:1      | Reached XP level 1. HP: 16/16 MP: 1/1
    82 | D:1      | Slain by a gnoll

Illustrated notes

Levels and vault maps discovered:
D:1:      dpeg_arrival_arbitrary_a, layout_rooms, dreamdust_mushroom_princess

Action                     || total
---------------------------++-------
  Melee: Trident           ||    22
 Armour: Leather armour    ||    19
  Dodge: Dodged            ||    19

Table legend: (Time is in decaauts)
 A = Elapsed time spent in this place.
 B = Non-inter-level travel time spent in this place.
 C = Inter-level travel time spent in this place.
 D = Time resting spent in this place.
 E = Time spent auto-exploring this place.
 F = Levels seen in this place.
 G = Mean time per level.
                   A        B        C        D        E       F      G
               +--------+--------+--------+--------+--------+-----+--------+
         Total |     85 |     85 |      0 |      0 |     49 |   1 |   85.0 |
       Dungeon |     85 |     85 |      0 |      0 |     49 |   1 |   85.0 |
               +--------+--------+--------+--------+--------+-----+--------+

Top non-repeatable levels by time:
     D:1: 85 daAuts
